 Dungeon Crawl Stone Soup version 0.22-a0-439-gac93bac (webtiles) character file.

21816 emperorscorpion the Fencer (level 12, -3/168 HPs)
             Began as a Minotaur Berserker on May 29, 2018.
             Was an Elder of Trog.
             Slain by a two-headed ogre
             ... wielding a +0 giant spiked club
              (5 damage)
             ... on level 15 of the Dungeon.
             The game lasted 00:16:01 (7610 turns).

emperorscorpion the Fencer (Minotaur Berserker)     Turns: 7610, Time: 00:16:02

Health: -3/168     AC: 15    Str: 31    XL:     12   Next: 57%
Magic:  11/11      EV: 14    Int:  4    God:    Trog [****..]
Gold:   299        SH:  0    Dex: 11    Spells: 11/11 levels left

rFire    . . .     SeeInvis .   a - +1 great sword
rCold    . . .     Gourm    .   (shield currently unavailable)
rNeg     . . .     Faith    .   v - +3 scale mail
rPois    .         Spirit   .   (helmet restricted)
rElec    .         Reflect  .   C - scarf {cloud immunity}
rCorr    .         Harm     .   m - +0 pair of gloves
MR       .....                  g - +0 pair of boots
Stlth    ..........             (no amulet)
HPRegen  0.38/turn              (no ring)
MPRegen  0.12/turn              (no ring)

@: berserking, lethally poisoned (-3 -> -24), very quick
A: retaliatory headbutt, horns 2, mutation resistance 1
a: Berserk, Trog's Hand, Brothers in Arms, Renounce Religion


You were on level 15 of the Dungeon.
You worshipped Trog.
Trog was greatly pleased with you.
You were hungry.

You visited 1 branch of the dungeon, and saw 15 of its levels.

You collected 299 gold pieces.

Inventory:

Hand Weapons
 a - a +1 great sword (weapon)
 b - a +3 longbow of flaming
 h - a +0 dagger
 k - a +2 scimitar of flaming
 p - a +0 falchion
Missiles
 e - 4 curare-tipped needles
 j - 52 poisoned needles
 J - a throwing net (quivered)
 N - 158 arrows
Armour
 g - a +0 pair of boots (worn)
 i - a +0 chain mail
 m - a +0 pair of gloves (worn)
 n - a +0 pair of boots
 q - a +0 plate armour
 r - a +0 buckler
 v - a +3 scale mail (worn)
 y - a +3 troll leather armour {Snorg}
 C - a scarf of cloud immunity (worn)
 M - a +0 animal skin
Jewellery
 x - a +2 ring of protection {unknown}
Wands
 u - a wand of random effects (6)
 E - a wand of digging (11)
Scrolls
 d - a scroll of teleportation
 l - 4 scrolls of remove curse {unknown}
 o - a scroll of silence {unknown}
 s - a scroll of blinking {unknown}
 t - 6 scrolls of identify
 w - a scroll of brand weapon {unknown}
 z - a scroll of random uselessness {unknown}
 A - a scroll of fear {unknown}
 I - a scroll of immolation {unknown}
Potions
 f - 3 potions of curing
 B - 2 potions of heal wounds
 D - 2 potions of cancellation {unknown}
 F - 2 potions of might {unknown}
 G - a potion of degeneration {unknown}
 H - a potion of invisibility {unknown}
 K - a potion of magic {unknown}
Comestibles
 c - 6 rations


   Skills:
 + Level 11.8 Fighting
 + Level 15.2 Long Blades
 + Level 2.0 Bows
 + Level 12.9 Armour
 + Level 7.5 Dodging
 + Level 2.2 Stealth
 - Level 4.0 Shields
 + Level 1.1 Evocations


You had 11 spell levels left.
You didn't know any spells.
Your spell library contained the following spells:

 Spells                   Type           Power        Failure   Level  Hunger
 Apportation              Tloc           #.....       67%         1    ##.....
 Summon Small Mammal      Summ           #...         67%         1    ##.....
 Animate Skeleton         Necr           N/A          67%         1    ##.....
 Confusing Touch          Hex            #.....       67%         1    ##.....


Dungeon Overview and Level Annotations

Branches:
Dungeon (15/15)
 Temple: D:4-7         Lair: D:8-11         Orc: D:9-12      Vaults: D:13-14
 Depths: D:15

Altars:
Kikubaaqudgha

Shops:
D:11 =

Annotations:
D:12 exclusion: door


Innate Abilities, Weirdness & Mutations

You reflexively headbutt those who attack you in melee.
You have a pair of horns on your head.
You are somewhat resistant to further mutation.


Message History

You slice the gargoyle!!
You feel the power of Trog in you as your rage grows.
You destroy the gargoyle!
Trog accepts your kill.
* * * LOW HITPOINT WARNING * * *
You feel sick.
The ogre mage hits you but does no damage.
The two-headed ogre completely misses you.
You furiously retaliate!
You headbutt the two-headed ogre, but do no damage.
The two-headed ogre hits you with a giant club!
* * * LOW HITPOINT WARNING * * *
You slash the two-headed ogre! You headbutt the two-headed ogre!
The two-headed ogre is heavily wounded.
* * * LOW HITPOINT WARNING * * *
You feel sick.
The two-headed ogre hits you with a giant spiked club.
* * * LOW HITPOINT WARNING * * *
The two-headed ogre hits you with a dire flail of venom.
You die...

#..........
#...#######
#...# #...#
#...# #...#
#...# #$).#
#@O.# #OO.#
#..O########
#........O..
#...........
#...........
############


You could see 3 two-headed ogres and an ogre mage.

Vanquished Creatures
  Nessos (D:13)
  Azrael (D:14)
  Snorg (D:10)
  A hydra (D:12)
  2 centaur warriors (D:13)
  2 death knights
  2 tengu warriors (D:13)
  The ghost of Curus the Martial Artist, a novice MfTm (D:5)
  An unseen horror (D:12)
  2 phantasmal warriors
  2 ugly things
  The ghost of emperorscorpion the Destroyer, a novice DECj of Uskayaw (D:8)
  A harpy (shapeshifter) (D:11)
  4 gargoyles
  3 freezing wraiths
  2 komodo dragons
  4 trolls
  2 hippogriffs (D:13)
  4 wraiths
  A vampire (D:15)
  2 wyverns
  2 fire elementals (D:14)
  A yak (D:10)
  A hungry ghost (D:13)
  7 vampire mosquitoes
  An acid dragon (D:13)
  2 hell hounds
  An orc warrior (D:12)
  3 sky beasts
  8 ice beasts
  A black bear (D:8)
  2 necrophages
  3 phantoms
  5 ogres
  10 centaurs
  7 bullfrogs
  A scorpion (D:8)
  A killer bee (D:13)
  2 crimson imps
  3 bullfrog zombies
  4 centaur skeletons
  2 hounds
  An orc priest (D:11)
  An iguana (D:8)
  3 worker ants
  A howler monkey zombie (D:8)
  A worker ant zombie (D:10)
  Robin (D:3)
  14 adders
  2 shadow imps
  3 worms
  2 leopard geckos
  20 orcs
  2 giant cockroaches
  14 goblins
  3 hobgoblins (D:3)
  3 jackals (D:2)
  2 kobolds (D:3)
  3 quokkas
  A ball python (D:6)
  4 bats
  3 frilled lizards
  A giant cockroach zombie (D:5)
  2 rats (D:2)
194 creatures vanquished.

Vanquished Creatures (collateral kills)
  A deep elf mage (D:13)
1 creature vanquished.

Grand Total: 195 creatures vanquished

Notes
Turn   | Place    | Note
-------+----------+-------------------------------------------
     0 | D:1      | emperorscorpion the Minotaur Berserker began the quest for the Orb.
     0 | D:1      | Reached XP level 1. HP: 19/19 MP: 0/0
   162 | D:2      | Reached skill level 4 in Long Blades
   162 | D:2      | Reached XP level 2. HP: 22/27 MP: 1/1
   191 | D:2      | Reached XP level 3. HP: 18/33 MP: 2/2
   452 | D:3      | Noticed Robin
   455 | D:3      | Killed Robin
   462 | D:3      | Reached ** piety under Trog
   462 | D:3      | Reached XP level 4. HP: 41/41 MP: 3/3
   471 | D:3      | Reached skill level 5 in Long Blades
   666 | D:3      | Reached XP level 5. HP: 47/47 MP: 4/4
   776 | D:4      | Noticed a phantom
   786 | D:4      | Killed a phantom
   786 | D:4      | Reached skill level 5 in Fighting
   928 | D:4      | Reached skill level 6 in Long Blades
   940 | D:4      | Noticed an ogre
   947 | D:4      | Killed an ogre
   947 | D:4      | Reached XP level 6. HP: 56/56 MP: 5/5
  1169 | D:5      | Entered Level 5 of the Dungeon
  1345 | D:5      | Noticed Curus's ghost (novice MfTm)
  1362 | D:5      | Killed Curus's ghost
  1362 | D:5      | Reached skill level 8 in Long Blades
  1362 | D:5      | Reached skill level 5 in Armour
  1362 | D:5      | Reached XP level 7. HP: 63/63 MP: 6/6
  1470 | D:6      | Reached XP level 8. HP: 71/71 MP: 7/7
  1632 | D:7      | Reached *** piety under Trog
  1801 | D:8      | Found an ancient bone altar of Kikubaaqudgha.
  1872 | D:8      | Noticed emperorscorpion's ghost (novice DECj)
  1884 | D:8      | Reached skill level 9 in Long Blades
  1891 | D:8      | Killed emperorscorpion's ghost
  1935 | D:8      | Reached skill level 10 in Long Blades
  2250 | D:8      | Reached XP level 9. HP: 64/79 MP: 8/8
  2402 | D:9      | You fall through a shaft for 3 floors!
  2681 | D:12     | Noticed a brown ugly thing
  2687 | D:12     | Killed a brown ugly thing
  2687 | D:12     | Reached skill level 1 in Shields
  2716 | D:11     | Reached skill level 11 in Long Blades
  2731 | D:10     | Entered Level 10 of the Dungeon
  2735 | D:10     | Noticed Snorg
  2745 | D:10     | Killed Snorg
  2906 | D:10     | Reached XP level 10. HP: 90/90 MP: 9/9
  3119 | D:10     | Reached skill level 12 in Long Blades
  3119 | D:10     | Reached skill level 10 in Armour
  3513 | D:11     | Reached **** piety under Trog
  3724 | D:11     | Found Xonehuo's Jewellery Emporium.
  3789 | D:11     | Noticed a harpy
  3801 | D:11     | Killed a harpy
  3801 | D:11     | Reached skill level 5 in Dodging
  4162 | D:12     | Noticed a six-headed hydra
  4192 | D:13     | Reached skill level 1 in Stealth
  4200 | D:13     | Noticed a centaur warrior
  4209 | D:13     | Killed a centaur warrior
  4209 | D:13     | Reached skill level 13 in Long Blades
  4210 | D:13     | Noticed a deep elf mage
  4222 | D:13     | Killed a deep elf mage
  4233 | D:13     | Noticed a tengu warrior
  4238 | D:13     | Noticed a tengu warrior
  4242 | D:13     | Gained mutation: You are somewhat resistant to further mutation. [potion of mutation]
  4266 | D:13     | Killed a tengu warrior
  4266 | D:13     | Reached XP level 11. HP: 24/97 MP: 10/10
  4267 | D:13     | Killed a tengu warrior
  4745 | D:14     | Noticed Azrael
  5114 | D:14     | Killed Azrael
  5114 | D:14     | Reached skill level 10 in Fighting
  5457 | D:12     | Killed a three-headed hydra
  5666 | D:12     | Noticed a death knight
  5666 | D:12     | Noticed a phantasmal warrior
  5675 | D:12     | Reached skill level 14 in Long Blades
  5682 | D:12     | Killed a phantasmal warrior
  5682 | D:12     | Reached skill level 1 in Evocations
  5695 | D:12     | Killed a death knight
  5933 | D:12     | Killed an unseen horror
  6318 | D:13     | Noticed a centaur warrior
  6328 | D:13     | Killed a centaur warrior
  6333 | D:13     | Reached XP level 12. HP: 103/108 MP: 11/11
  6367 | D:13     | Noticed Nessos
  6381 | D:13     | Killed Nessos
  6796 | D:14     | Noticed a death knight
  6805 | D:14     | Killed a death knight
  6805 | D:14     | Reached skill level 1 in Bows
  7279 | D:14     | Reached skill level 15 in Long Blades
  7547 | D:15     | Entered Level 15 of the Dungeon
  7590 | D:15     | Noticed a two-headed ogre
  7590 | D:15     | Noticed a two-headed ogre
  7590 | D:15     | Noticed an ogre mage
  7591 | D:15     | Noticed a two-headed ogre
  7609 | D:15     | HP: 6/168 [two-headed ogre/giant club (13)]
  7610 | D:15     | HP: 2/168 [two-headed ogre/giant spiked club (3)]
  7610 | D:15     | Slain by a two-headed ogre

Vault maps used:
D:1:      minmay_arrival_widening_spiral_wide
D:2:      regret_index_temple_of_mockery, lemuel_flame_loot_1
D:3:      kennysheep_big_flooded_room, item_on_display_a, uniq_ijyb, uniq_robin
D:4:      lemuel_zombie_altar_yredelemnul, lemuel_temple_firewalk_b,
          first_ration, uniq_pikel
D:5:      basic_altar
D:6:      lemuel_crystal_altar, nicolae_overflow_crystal_walls
D:7:      gammafunk_temple_overflow_wave, serial_shops, shop_fountains
D:8:      palyth_temple_overflow_mages, basic_altar,
          hangedman_little_slice_of_home, hangedman_decor_growths
D:9:      nicolae_ru_great_annihilating_truth, makhleb_altar_promises_db,
          minmay_lair_entry_grove, hiddenorc2_lemuel, kennysheep_diamond,
          roderic_roman_lattice
D:10:     uniq_snorg
D:11:     serial_shops, shop, uniq_urug, uniq_sonja
D:12:     hangedman_corner_corridor
D:13:     uniq_nessos
D:14:     grunt_vaults_entry_tiered, serial_bayou_pond_a,
          portal_ice_cave_entry_ice_beasts, uniq_azrael
D:15:     grunt_enter_depths_giant_problem, serial_park_tiny_1,
          minmay_crystal_room, uniq_kirke, uniq_rupert

Skill      XL: |  1  2  3  4  5  6  7  8  9 10 11 12 |
---------------+-------------------------------------+-----
Fighting       | 4 5 6 7 8 9 10 11 | 11.8
Long Blades    | 4 5 6 8 10 11 13 14 15 | 15.2
Armour         | 3 5 7 9 10 12 | 12.9
Dodging        | 3 4 5 7 |  7.5
Shields        | 2 3 4 |  4.0
Stealth        | 1 2 |  2.2
Evocations     | 1 |  1.1
Bows           | 2 |  2.0

Action                   |  1- 3 |  4- 6 |  7- 9 | 10-12 || total
-------------------------+-------+-------+-------+-------++-------
Melee: Falchion          |    34 |    90 |   146 |   229 ||   499
       Headbutt          |     9 |    17 |    30 |    93 ||   149
       Scimitar          |       |       |       |    83 ||    83
       Great sword       |       |       |       |    65 ||    65
 Fire: Longbow           |       |       |       |    21 ||    21
Invok: Berserk           |     2 |     2 |     7 |    14 ||    25
       Trog's Hand       |       |       |       |     1 ||     1
       Brothers in Arms  |       |       |       |     1 ||     1
Evoke: Wand              |       |       |       |     3 ||     3
  Use: Scroll            |       |     1 |       |     1 ||     2
       Potion            |       |       |       |     7 ||     7
  Eat: Chunk             |       |     4 |     8 |    23 ||    35
       Ration            |       |       |     1 |     2 ||     3
Armor: Animal skin       |     6 |       |       |       ||     6
       Chain mail        |    16 |    47 |    18 |       ||    81
       Plate armour      |       |       |    41 |       ||    41
       Scale mail        |       |       |     8 |   164 ||   172
Dodge: Dodged            |    32 |    48 |    53 |   263 ||   396
Block: Buckler           |       |       |    10 |    42 ||    52
       Rpst.: Falchion   |    14 |    12 |     8 |    25 ||    59
       Scimitar          |       |       |       |     9 ||     9
       Great sword       |       |       |       |    24 ||    24

Table legend:
 A = Spawn XP
 B = Non-spawn XP
 C = Spawn XP percentage of total XP
 D = Spawn monster count
 E = Non-spawn monster count
 F = Spawn count percentage of total count
 G = Total turns spent on level
                    A         B        C        D         E        F      G
               +---------+---------+-------+---------+---------+-------+---------
         Total |       0 |   31166 |   0.0 |       0 |     195 |   0.0 |  7610
               +---------+---------+-------+---------+---------+-------+---------
           D:1 |       0 |       6 |   0.0 |       0 |       3 |   0.0 |   157
           D:2 |       0 |      56 |   0.0 |       0 |      11 |   0.0 |   396
           D:3 |       0 |     134 |   0.0 |       0 |      27 |   0.0 |   218
           D:4 |       0 |     276 |   0.0 |       0 |       9 |   0.0 |   398
           D:5 |       0 |     921 |   0.0 |       0 |       7 |   0.0 |   287
           D:6 |       0 |     272 |   0.0 |       0 |       4 |   0.0 |   155
           D:7 |       0 |     135 |   0.0 |       0 |       2 |   0.0 |    88
           D:8 |       0 |    1214 |   0.0 |       0 |      17 |   0.0 |   640
           D:9 |       0 |      12 |   0.0 |       0 |       4 |   0.0 |    72
          D:10 |       0 |    3079 |   0.0 |       0 |      19 |   0.0 |   882
          D:11 |       0 |    1950 |   0.0 |       0 |      17 |   0.0 |   580
          D:12 |       0 |    6498 |   0.0 |       0 |      20 |   0.0 |  1473
          D:13 |       0 |    9144 |   0.0 |       0 |      31 |   0.0 |  1675
          D:14 |       0 |    6351 |   0.0 |       0 |      20 |   0.0 |   526
          D:15 |       0 |    1118 |   0.0 |       0 |       4 |   0.0 |    63
               +---------+---------+-------+---------+---------+-------+---------
